 Dungeon Sprint DCSS version 0.30-a0-1161-g0704695555 (webtiles) character file.

Game seed: 15954248744507087407

2400000 123456 the Grand Master (level 17, -49/159 HPs)
             Began as a Demonspawn Gladiator on Apr 27, 2023.
             Was a High Priest of Makhleb.
             Annihilated by a destroyer
             ... wielding a +9 heavy great sword
              (188 damage)
             ... in the Dungeon (Sprint VIII: "Arena of Blood").
             The game lasted 00:00:47 (24 turns).

123456 the Grand Master (Demonspawn Gladiator)        Turns: 24, Time: 00:00:47

Health: -49/159    AC:  4    Str: 15    XL:     17   Next: 19%
Magic:  17/17      EV: 32    Int: 12    God:    Makhleb [*****.]
Gold:   0          SH:  0    Dex: 20    Spells: 16/16 levels left

rFire   . . .        k - +∞ Axe of Woe
rCold   . . .        (shield currently unavailable)
rNeg    . . .        a - +0 leather armour
rPois   .            b - +0 helmet
rElec   .            (cloak unavailable)
rCorr   .            (no gloves)
SInv    .            (no boots)
Will    +....        (no amulet)
Stlth   ++           (no ring)
HPRegen 0.46/turn    (no ring)
MPRegen 0.15/turn

%: no teleportation
@: no status effects
A: demonic guardian 2, icemail 2, sturdy frame 3, condensation shield, weakness
stinger 3
a: Renounce Religion, Minor Destruction, Lesser Servant of Makhleb, Major
Destruction, Greater Servant of Makhleb


You were in the Dungeon.
You worshipped Makhleb.
Makhleb was extremely pleased with you.
You visited 1 branch

Inventory:

Hand Weapons
 k - the +∞ Axe of Woe (weapon)
   (You found it in the Dungeon)
Missiles
 c - 3 throwing nets (quivered)
 d - a javelin
Armour
 a - a +0 leather armour (worn)
 b - a +0 helmet (worn)
Scrolls
 j - a scroll of blinking
Potions
 e - a potion of curing
 f - a potion of heal wounds
 g - a potion of haste
 h - 2 potions of magic
 i - a potion of berserk rage


   Skills:
 + Level 21.6 Fighting
 + Level 23.0 Axes
 + Level 18.4 Throwing
 O Level 27 Dodging
 O Level 27 Unarmed Combat


You had 16 spell levels left.
You didn't know any spells.
Your spell library was empty.

Dungeon Overview and Level Annotations

Branches:
Dungeon (1/1)

Altars:
Makhleb


Innate Abilities, Weirdness & Mutations

A demonic guardian rushes to your aid.
A meltable icy envelope protects you from harm. (AC +0)
Your movements are significantly less encumbered by armour. (ER -6)
A meltable shield of frost defends you. (SH +0)
You have a sharp stinger which inflicts weakening toxins.


Message History

Unknown command.
Unknown command.
Unknown command.
Unknown command.
A bag of meat and a large bag of meat come into view.
The destroyer appears out of thin air!
A destroyer comes into view. It is wielding a +9 heavy great sword.
The bag of meat shouts!
The large bag of meat shouts in stereo!
The destroyer shouts!
You hear a shout! x11
A bag of meat comes into view. It is wielding a +9 war axe.
You hear a shout!
A bag of meat comes into view. It is wielding a +9 war axe.
You hear a shout! x3
The bag of meat moves out of view.
The large bag of meat moves out of view.
You hear a shout!
Items here: )) == †.
Unknown command.
Unknown command.
You slice the large bag of meat!!
Flame seeps out of the large bag of meat.
You cleave the large bag of meat in twain.
Makhleb accepts your kill.
You can now summon a greater servant of Makhleb.
The large bag of meat explodes!
The fiery explosion engulfs you!!
Your icy defences dissipate!
You hear a shout! x8
Your Fighting skill increases to level 21!
Your Axes skill gained 2 levels and is now at level 23!
Your Throwing skill increases to level 18!
You have reached level 17!
Your demonic ancestry asserts itself...
Your icy envelope grows thicker.
Unknown command.
Unknown command.
You hear a shout! x3
The destroyer hits you with a +9 heavy great sword!!!!!
Ouch! That really hurt!
You die...

... ..... #.. ...#
. #.. ...# .
..###.. ...###..
.....O###......
......_......
#.)...# #_.<)§#
#)@)○.#
......V.§§§.......
.......###O.......
..###.. ...###...
. #.. ..o# .. #..
....# ... ...O.
...........


You could see a destroyer and 2 large bags of meat.

Vanquished Creatures
  A vampire knight (D)
  7 ogres (D)
  A two-headed ogre (D)
  5 orcs (D)
14 creatures vanquished.

Notes
Turn   | Place    | Note
-------+----------+-------------------------------------------
     0 | D        | Found the +∞ Axe of Woe
     0 | D        | 123456 the Demonspawn Gladiator began the quest for the
                  | Orb.
     0 | D        | Reached XP level 1. HP: 16/16 MP: 1/1
     2 | D        | Noticed a meat berserker
     2 | D        | Noticed a bag of meat
     3 | D        | Noticed a bag of meat
     4 | D        | Became a worshipper of Makhleb the Destroyer
     5 | D        | Noticed a bag of meat
     6 | D        | Killed a meat berserker
     7 | D        | Reached skill level 10 in Fighting
     7 | D        | Gained mutation: You have a small tail. [demonic ancestry]
     7 | D        | Reached XP level 2. HP: 36/36 MP: 2/2
     7 | D        | Reached XP level 3. HP: 42/42 MP: 3/3
     7 | D        | Gained mutation: A meltable shield of frost defends you.
                  | (SH +0) [demonic ancestry]
     7 | D        | Reached XP level 4. HP: 48/48 MP: 4/4
     7 | D        | Gained mutation: Your movements are slightly less
                  | encumbered by armour. (ER -2) [demonic ancestry]
     7 | D        | Reached XP level 5. HP: 54/54 MP: 5/5
     7 | D        | Gained mutation: You have a tail ending in a sharp stinger.
                  | [demonic ancestry]
     7 | D        | Reached XP level 6. HP: 61/61 MP: 6/6
     7 | D        | Gained mutation: A weak demonic guardian rushes to your
                  | aid. [demonic ancestry]
     7 | D        | Reached XP level 7. HP: 67/67 MP: 7/7
     7 | D        | Reached XP level 8. HP: 73/73 MP: 8/8
     7 | D        | Gained mutation: You have a sharp stinger which inflicts
                  | weakening toxins. [demonic ancestry]
     7 | D        | Reached XP level 9. HP: 79/79 MP: 9/9
     7 | D        | Gained mutation: Your movements are less encumbered by
                  | armour. (ER -4) [demonic ancestry]
     7 | D        | Reached XP level 10. HP: 86/86 MP: 10/10
     7 | D        | Reached XP level 11. HP: 92/92 MP: 11/11
     8 | D        | Killed a bag of meat
     8 | D        | Reached * piety under Makhleb
     8 | D        | Noticed a bag of meat
     9 | D        | Reached skill level 5 in Axes
     9 | D        | Reached skill level 10 in Throwing
     9 | D        | Gained mutation: Your movements are significantly less
                  | encumbered by armour. (ER -6) [demonic ancestry]
     9 | D        | Reached XP level 12. HP: 90/100 MP: 12/12
     9 | D        | Killed a bag of meat
     9 | D        | Killed a bag of meat
     9 | D        | Noticed a meat berserker
     9 | D        | Noticed a bag of meat
     9 | D        | Noticed a meat berserker
    10 | D        | Gained mutation: A meltable icy envelope protects you from
                  | harm. (AC +0) [demonic ancestry]
    10 | D        | Reached XP level 13. HP: 98/109 MP: 13/13
    10 | D        | Noticed a meat berserker
    12 | D        | Killed a meat berserker
    12 | D        | Reached ** piety under Makhleb
    12 | D        | Noticed a meat berserker
    13 | D        | Reached XP level 14. HP: 119/119 MP: 14/14
    13 | D        | Killed a meat berserker
    14 | D        | Killed a meat berserker
    14 | D        | Killed a meat berserker
    14 | D        | Reached *** piety under Makhleb
    14 | D        | Noticed a bag of meat
    14 | D        | Noticed a meat berserker
    15 | D        | Reached skill level 15 in Fighting
    15 | D        | Gained mutation: A demonic guardian rushes to your aid.
                  | [demonic ancestry]
    15 | D        | Reached XP level 15. HP: 40/130 MP: 15/15
    17 | D        | Killed a meat berserker
    17 | D        | Noticed a destroyer
    17 | D        | Noticed a meat berserker
    18 | D        | Reached skill level 15 in Axes
    18 | D        | Reached skill level 15 in Throwing
    18 | D        | Reached XP level 16. HP: 93/141 MP: 16/16
    19 | D        | Noticed a large bag of meat
    19 | D        | Killed a destroyer
    19 | D        | Reached **** piety under Makhleb
    19 | D        | Noticed a large bag of meat
    19 | D        | Noticed a large bag of meat
    20 | D        | Reached skill level 27 in Dodging
    20 | D        | Reached skill level 27 in Unarmed Combat
    21 | D        | Killed a meat berserker
    22 | D        | Noticed a large bag of meat
    22 | D        | Noticed a destroyer
    23 | D        | Killed a large bag of meat
    23 | D        | Reached ***** piety under Makhleb
    24 | D        | Gained mutation: A meltable icy envelope protects you from
                  | harm. (AC +0) [demonic ancestry]
    24 | D        | Reached XP level 17. HP: 139/159 MP: 17/17
    24 | D        | Annihilated by a destroyer

Illustrated notes

Levels and vault maps discovered:
D:        meatsprint

Skill      XL: |  1  2  3  4  5  6  7  8  9 10 11 12 13 14 15 16 |
---------------+-------------------------------------------------+-----
Fighting       | 10 11 12 13 15 17 21 | 21.6
Axes           | 4 5 7 9 13 15 23 | 23.0
Throwing       | 9 10 11 12 14 15 18 | 18.4
Dodging        | 17 18 20 21 24 26 27 | 27.0
Unarmed Combat | 17 18 20 21 25 26 27 | 27.0

Action                     |  1- 3 |  4- 6 |  7- 9 | 10-12 | 13-15 | 16-18 || total
---------------------------+-------+-------+-------+-------+-------+-------++-------
  Melee: Executioner's axe |     1 |       |       |     2 |     5 |     3 ||    11
  Dodge: Dodged            |       |       |       |       |       |     1 ||     1
  Block: Other             |       |       |       |       |     1 |       ||     1

Table legend: (Time is in decaauts)
 A = Elapsed time spent in this place.
 B = Non-inter-level travel time spent in this place.
 C = Inter-level travel time spent in this place.
 D = Time resting spent in this place.
 E = Time spent auto-exploring this place.
 F = Levels seen in this place.
 G = Mean time per level.
                   A        B        C        D        E       F      G
               +--------+--------+--------+--------+--------+-----+--------+
         Total |     27 |     27 |      0 |      0 |      0 |   1 |   27.0 |
       Dungeon |     27 |     27 |      0 |      0 |      0 |   1 |   27.0 |
               +--------+--------+--------+--------+--------+-----+--------+

Top non-repeatable levels by time:
       D: 27 daAuts
